 Dungeon Crawl Stone Soup version 0.30.0-10-gfe55d96785 (webtiles) character file.

Game seed: 14700672166263821869

9916 qw the Cleaver (level 11, -29/68 HPs)
             Began as a Gargoyle Cinder Acolyte on May 16, 2023.
             Was a Follower of Okawaru.
             Killed from afar by Fannar (35 damage)
             ... with a bolt of cold
             ... on level 1 of the Lair of Beasts.
             The game lasted 00:05:05 (8934 turns).

qw the Cleaver (Gargoyle Cinder Acolyte)            Turns: 8934, Time: 00:05:05

Health: -29/68     AC: 26    Str: 25      XL:     11   Next: 54%
Magic:  13/14      EV: 14    Int: 16      God:    Okawaru [*.....]
Gold:   628        SH: 11    Dex:  3 (5)  Spells: 12/12 levels left

rFire   . . .        Y - +0 war axe
rCold   . . .        m - +0 kite shield
rNeg    + . .        r - +0 chain mail
rPois   inf          (no helmet)
rElec   +            h - +2 cloak
rCorr   .            d - +0 pair of gloves
SInv    .            t - +0 pair of boots
Will    .....        k - amulet of regeneration Stlth
                     l - +6 ring of strength
HPRegen 1.11/turn    b - +5 ring of evasion
MPRegen 0.14/turn

%: no passive effects
@: heroic, fire susceptible
A: sickness immunity, AC +8, negative energy resistance 1, electricity
resistance, torment resistance 1, petrification resistance, deterioration 1,
weak 1
a: Renounce Religion, Heroism


You were on level 1 of the Lair of Beasts.
You worshipped Okawaru.
Okawaru was aware of your devotion.
You visited 3 branches of the dungeon, and saw 11 of its levels.

You collected 628 gold pieces.


Innate Abilities, Weirdness & Mutations

You are immune to sickness and miasma.
Your stone body is resilient. (AC +8)
You are immune to poison.
You resist negative energy. (rN+)
You are resistant to electric shocks. (rElec)
You are resistant to unholy torment.
You are immune to petrification.
Your body sometimes deteriorates upon taking damage.
You are weak. (Str -2)


   Skills:
 - Level 8.0(13.0) Fighting
 - Level 11.0(16.0) Axes
 - Level 2.4(7.4) Throwing
 - Level 6.1(11.1) Armour
 - Level 1.2(6.2) Dodging
 + Level 9.8(14.8) Shields
 - Level 1.0 Spellcasting
 - Level 3.0 Fire Magic
 - Level 4.0 Invocations


You had 12 spell levels left.
You didn't know any spells.
Your spell library contained the following spells:

 Spells                   Type           Power      Damage    Failure   Level
 Scorch                   Fire           20%        2d5       50%         2

Inventory:

Hand Weapons
 g - a +4 heavy flail
 Y - a +0 war axe (weapon)
Missiles
 j - 2 boomerangs (quivered)
Armour
 d - a +0 pair of gloves (worn)
 h - a +2 cloak (worn)
 m - a +0 kite shield (worn)
 r - a +0 chain mail (worn)
 t - a +0 pair of boots (worn)
Jewellery
 b - a +5 ring of evasion (right hand)
 k - an amulet of regeneration (around neck)
 l - a +6 ring of strength (left hand)
Scrolls
 a - 3 scrolls of identify
Potions
 c - a potion of might
 f - a potion of mutation
 i - 4 potions of cancellation
 n - a potion of curing
 q - a potion of resistance
 s - a potion of haste

Dungeon Overview and Level Annotations

Branches:
Dungeon (9/15)             Temple (1/1) D:5            Lair (1/5) D:9
    Orc: D:9-12

Altars:
Cheibriados
Elyvilon
Fedhas
Gozag
Hepliaklqana
Kikubaaqudgha
Makhleb
Nemelex Xobeh
Okawaru
Qazlal
Ru
Trog
Uskayaw
Vehumet
Wu Jian
Xom
Zin
The Shining One

Annotations:
D:5 1 runed translucent door, Crazy Yiuf
Lair:1 Fannar


Message History

You slice Fannar!!
Fannar is moderately wounded.
Fannar barely misses you.
You slice Fannar!!
Fannar is heavily wounded.
Fannar points at you and mumbles some strange words.
The bolt of cold hits you!!
You slash Fannar!
Fannar is severely wounded.
You hit Fannar.
Fannar is severely wounded.
Fannar hits you with a staff of cold. Fannar freezes you!
Your body deteriorates!
You feel clumsy.
You closely miss Fannar.
Fannar is severely wounded.
Fannar barely misses you.
You closely miss Fannar.
Fannar is severely wounded.
You hit Fannar but do no damage.
Fannar is severely wounded.
Fannar gestures wildly while chanting.
Fannar drains the heat from the surrounding environment!
You hit Fannar.
Fannar is severely wounded.
Fannar gestures wildly while chanting.
You slice Fannar!!
Fannar is almost dead.
Fannar closely misses you.
You miss Fannar.
Fannar is almost dead.
You barely miss Fannar.
Fannar is almost dead.
Fannar closely misses you.
You hit Fannar but do no damage.
Fannar is almost dead.
You hit the ice beast. Fannar casts a spell at you. The bolt of cold hits you!!
Ouch! That really hurt!
You die...

......... .##. #.......# ....
.... ....... ....# .....
..... .[..#
....#+#.#.###....#
.................#
#.............#
#.e.$.........#
#.Y@..........#
#..............#
##.............## ..
#.#######......# ... ##.#
#.....## #...# #######..#
##.....# #....##..##.##.#
#......# #..............##
##.....#
................######.....##


You could see Fannar and an ice beast (summoned).

Vanquished Creatures
  A hydra (Lair:1)
  Harold (Lair:1)
  2 two-headed ogres
  Pikel (D:8)
  Maurice (D:8)
  A troll (D:9)
  Grinder (D:5)
  A hornet (D:9)
  Prince Ribbit (D:9)
  2 shadows (D:9)
  A wyvern (D:8)
  3 fire elementals (D:9)
  Grum (D:8)
  A steam dragon (D:9)
  8 yaks
  Edmund (D:4)
  An acid dragon (D:8)
  Duvessa (D:6)
  A water moccasin (D:7)
  2 orc warriors
  2 ice beasts
  A black bear (D:7)
  4 ogres
  4 wolves
  2 phantoms
  2 centaurs (D:9)
  2 lemures (D:8)
  Blork the orc (D:6)
  3 kobold brigands
  2 scorpions
  A gnoll sergeant (D:7)
  2 bullfrogs
  8 wights
  Dowan (D:5)
  5 killer bees (D:9)
  3 electric eels (D:9)
  3 howler monkeys
  7 hounds
  3 orc priests
  An iguana (D:5)
  6 orc wizards
  A sleepcap (D:4)
  9 adders
  6 gnolls
  A shadow imp (D:8)
  2 white imps
  An ufetubus (D:7)
  2 worms (D:3)
  4 dart slugs
  32 orcs
  7 bats
  8 endoplasms
  3 giant cockroaches
  9 goblins
  10 hobgoblins
  5 jackals
  5 quokkas
  2 ball pythons
  2 frilled lizards
  13 kobolds
  4 rats
221 creatures vanquished.

Vanquished Creatures (others)
  A killer bee (D:9)
  An orc wizard (D:8)
  An orc (D:8)
3 creatures vanquished.

Grand Total: 224 creatures vanquished

Notes
Turn   | Place    | Note
-------+----------+-------------------------------------------
     0 | D:1      | qw the Gargoyle Cinder Acolyte began the quest for the Orb.
     0 | D:1      | Reached XP level 1. HP: 14/14 MP: 2/2
     0 | D:1      | 0 ||| qw: Version: 0.2-a-94-gb5d2a68
     0 | D:1      | 0 ||| qw: Game counter: 58
     0 | D:1      | 0 ||| qw: Always use a shield: true
     0 | D:1      | 0 ||| qw: God list: Okawaru
     0 | D:1      | 0 ||| qw: Allow faded altars: false
     0 | D:1      | 0 ||| qw: Do Orc after D:15 true
     0 | D:1      | 0 ||| qw: Do second Lair branch before Depths: true
     0 | D:1      | 0 ||| qw: Lair rune preference: random
     0 | D:1      | 0 ||| qw: Plans: Normal
     0 | D:1      | 0 ||| PLANNING D:1-11
   138 | D:1      | 138 ||| INVOKING Fiery Armour.
   199 | D:1      | Reached skill level 3 in Axes
   207 | D:1      | 207 ||| Stepping ~*~*~tactically~*~*~ (stealth).
   208 | D:1      | 208 ||| Stepping ~*~*~tactically~*~*~ (stealth).
   217 | D:1      | Reached XP level 2. HP: 12/19 MP: 3/3
   397 | D:1      | Found a faded altar of an unknown god.
   688 | D:1      | 688 ||| INVOKING Fiery Armour.
   775 | D:1      | Reached XP level 3. HP: 19/23 MP: 4/4
   805 | D:1      | 805 ||| READING 2 scrolls labelled IQUULI REYQO.
   847 | D:2      | 847 ||| STAIRDANCE
   911 | D:2      | 911 ||| Stepping ~*~*~tactically~*~*~ (stealth).
   922 | D:2      | Reached skill level 4 in Axes
  1207 | D:2      | 1207 ||| INVOKING Fiery Armour.
  1616 | D:2      | 1616 ||| UPGRADING to +0 kite shield.
  1621 | D:2      | 1621 ||| DROPPING ring of flight.
  1622 | D:2      | 1622 ||| READING scroll labelled ALIANG BOLISK.
  1623 | D:2      | 1623 ||| READING scroll labelled TOMEHIBRIDOTU.
  1630 | D:2      | 1630 ||| READING 3 scrolls of identify.
  1630 | D:2      | 1630 ||| IDENTIFYING sedimented amethyst potion
  1631 | D:2      | 1631 ||| READING 2 scrolls of identify.
  1631 | D:2      | 1631 ||| IDENTIFYING smoky grey potion
  1632 | D:2      | 1632 ||| DROPPING potion of lignification.
  1681 | D:3      | 1681 ||| SWAPPING to +0 war axe.
  1682 | D:3      | 1682 ||| DROPPING +0 heavy hand axe.
  1693 | D:3      | Found a shimmering altar of Xom.
  1721 | D:3      | Reached skill level 1 in Shields
  1721 | D:3      | Reached XP level 4. HP: 28/28 MP: 5/5
  1808 | D:3      | 1808 ||| INVOKING Fiery Armour.
  1903 | D:3      | 1903 ||| DROPPING +0 club.
  2154 | D:3      | 2154 ||| Stepping ~*~*~tactically~*~*~ (stealth).
  2187 | D:3      | 2187 ||| INVOKING Fiery Armour.
  2346 | D:3      | Found a bloodstained altar of Trog.
  2348 | D:3      | 2348 ||| Stepping ~*~*~tactically~*~*~ (stealth).
  2350 | D:3      | 2350 ||| Stepping ~*~*~tactically~*~*~ (stealth).
  2352 | D:3      | 2352 ||| Stepping ~*~*~tactically~*~*~ (hiding).
  2360 | D:3      | Reached skill level 3 in Shields
  2360 | D:3      | Reached XP level 5. HP: 32/32 MP: 6/6
  2583 | D:3      | 2583 ||| INVOKING Fiery Armour.
  3079 | D:3      | 3079 ||| UPGRADING to +0 ring mail.
  3089 | D:3      | 3089 ||| DROPPING +0 robe.
  3090 | D:3      | 3090 ||| UPGRADING to +0 chain mail.
  3100 | D:3      | 3100 ||| DROPPING +0 ring mail.
  3101 | D:3      | 3101 ||| UPGRADING to +0 pair of boots.
  3106 | D:3      | 3106 ||| UPGRADING to amulet of regeneration.
  3111 | D:3      | 3111 ||| UPGRADING to +6 ring of strength.
  3112 | D:3      | 3112 ||| DRINKING 2 glowing inky potions.
  3112 | D:3      | Gained mutation: Your body sometimes deteriorates upon
                  | taking damage. [potion of mutation]
  3112 | D:3      | Gained mutation: You are weak. (Str -2) [potion of
                  | mutation]
  3113 | D:3      | 3113 ||| READING 2 scrolls of identify.
  3113 | D:3      | 3113 ||| IDENTIFYING cyan potion
  3114 | D:3      | 3114 ||| DROPPING potion of ambrosia.
  3115 | D:3      | 3115 ||| DROPPING potion of berserk rage.
  3182 | D:4      | 3182 ||| DROPPING +0 mace.
  3185 | D:4      | Noticed Edmund
  3191 | D:4      | 3191 ||| INVOKING Fiery Armour.
  3199 | D:4      | Killed Edmund
  3200 | D:4      | Reached skill level 3 in Armour
  3200 | D:4      | Reached XP level 6. HP: 31/37 MP: 7/7
  3207 | D:4      | 3207 ||| DROPPING +0 flail.
  3280 | D:4      | 3280 ||| Stepping ~*~*~tactically~*~*~ (stealth).
  3281 | D:4      | 3281 ||| Stepping ~*~*~tactically~*~*~ (stealth).
  3313 | D:4      | Reached XP level 7. HP: 36/41 MP: 8/8
  3323 | D:4      | Found an opulent altar of Gozag.
  3662 | D:4      | Reached skill level 5 in Axes
  3923 | D:4      | 3923 ||| Stepping ~*~*~tactically~*~*~ (hiding).
  4177 | D:4      | 4177 ||| DRINKING 2 murky pink potions.
  4178 | D:4      | 4178 ||| READING 2 scrolls of identify.
  4178 | D:4      | 4178 ||| IDENTIFYING metallic brown potion
  4179 | D:4      | 4179 ||| DROPPING potion of degeneration.
  4200 | D:5      | Entered Level 5 of the Dungeon
  4221 | D:5      | Found a staircase to the Ecumenical Temple.
  4236 | D:5      | 4236 ||| Stepping ~*~*~tactically~*~*~ (stealth).
  4237 | D:5      | 4237 ||| Stepping ~*~*~tactically~*~*~ (stealth).
  4380 | D:5      | 4380 ||| INVOKING Fiery Armour.
  4385 | D:5      | Lost dexterity.
  4412 | D:5      | 4412 ||| Stepping ~*~*~tactically~*~*~ (stealth).
  4429 | D:5      | Noticed Grinder
  4430 | D:5      | 4430 ||| Stepping ~*~*~tactically~*~*~ (stealth).
  4448 | D:5      | Killed Grinder
  4449 | D:5      | Reached skill level 6 in Axes
  4449 | D:5      | Reached XP level 8. HP: 48/48 MP: 9/9
  4536 | D:5      | 4536 ||| INVOKING Fiery Armour.
  4536 | D:5      | HP: 6/48 [ice beast (14)]
  4587 | D:5      | Reached skill level 6 in Shields
  4722 | D:5      | Found a runed translucent door.
  4723 | D:5      | Noticed Crazy Yiuf
  5024 | D:5      | 5024 ||| UPGRADING to +5 ring of evasion.
  5025 | D:5      | 5025 ||| DROPPING ring of ice.
  5026 | D:5      | 5026 ||| READING 2 scrolls labelled USOTHIELA BIAC.
  5027 | D:5      | 5027 ||| READING scroll labelled OCIXIO ROFA.
  5028 | D:5      | 5028 ||| DRINKING 2 fizzy orange potions.
  5029 | D:5      | 5029 ||| DRINKING 2 fuming green potions.
  5030 | D:5      | 5030 ||| READING 2 scrolls of identify.
  5030 | D:5      | 5030 ||| IDENTIFYING orange potion
  5031 | D:5      | 5031 ||| DROPPING scroll of blinking.
  5032 | D:5      | 5032 ||| DROPPING potion of brilliance.
  5033 | D:5      | 5033 ||| DROPPING potion of magic.
  5057 | D:6      | Noticed Duvessa
  5057 | D:6      | Noticed Dowan
  5058 | D:6      | 5058 ||| INVOKING Fiery Armour.
  5066 | D:6      | 5066 ||| STAIRDANCE
  5066 | D:6      | Killed Duvessa
  5067 | D:6      | Reached skill level 7 in Axes
  5068 | D:5      | Killed Dowan
  5147 | D:6      | 5147 ||| Stepping ~*~*~tactically~*~*~ (hiding).
  5166 | D:6      | Noticed Blork the orc
  5167 | D:6      | 5167 ||| Stepping ~*~*~tactically~*~*~ (stealth).
  5168 | D:6      | 5168 ||| Stepping ~*~*~tactically~*~*~ (hiding).
  5170 | D:6      | 5170 ||| Stepping ~*~*~tactically~*~*~ (hiding).
  5186 | D:6      | Killed Blork the orc
  5187 | D:6      | Reached XP level 9. HP: 42/54 MP: 10/10
  5201 | D:6      | 5201 ||| Stepping ~*~*~tactically~*~*~ (hiding).
  5221 | D:6      | 5221 ||| Stepping ~*~*~tactically~*~*~ (stealth).
  5227 | D:6      | 5227 ||| Stepping ~*~*~tactically~*~*~ (stealth).
  5607 | D:6      | 5607 ||| UPGRADING to +2 cloak.
  5612 | D:6      | 5612 ||| READING scroll labelled BUSE MEUMOESK.
  5613 | D:6      | 5613 ||| READING scroll labelled NUGGAE SAADONA.
  5614 | D:6      | 5614 ||| READING scroll labelled HEITEBLULL.
  5615 | D:6      | 5615 ||| DRINKING 2 brown potions.
  5616 | D:6      | 5616 ||| READING 3 scrolls of identify.
  5616 | D:6      | 5616 ||| IDENTIFYING amethyst potion
  5821 | D:7      | 5821 ||| Stepping ~*~*~tactically~*~*~ (stealth).
  5890 | D:7      | Noticed a two-headed ogre
  5902 | D:7      | Killed a two-headed ogre
  5903 | D:7      | Reached skill level 9 in Axes
  5972 | D:7      | 5972 ||| INVOKING Fiery Armour.
  6004 | D:7      | Found a stormy altar of Qazlal.
  6122 | D:7      | Found a flagged portal.
  6268 | D:7      | 6268 ||| UPGRADING to +0 pair of gloves.
  6273 | D:7      | 6273 ||| READING scroll labelled HETOIRE QUPEDGHU.
  6301 | D:8      | Noticed Grum
  6302 | D:8      | 6302 ||| Stepping ~*~*~tactically~*~*~ (stealth).
  6304 | D:8      | 6304 ||| Stepping ~*~*~tactically~*~*~ (stealth).
  6305 | D:8      | 6305 ||| INVOKING Fiery Armour.
  6313 | D:8      | Killed Grum
  6314 | D:8      | Reached skill level 6 in Fighting
  6327 | D:8      | Reached XP level 10. HP: 61/61 MP: 11/11
  6409 | D:8      | 6409 ||| Stepping ~*~*~tactically~*~*~ (stealth).
  6425 | D:8      | 6425 ||| Stepping ~*~*~tactically~*~*~ (stealth).
  6441 | D:8      | 6441 ||| Stepping ~*~*~tactically~*~*~ (stealth).
  6442 | D:8      | 6442 ||| Stepping ~*~*~tactically~*~*~ (stealth).
  6463 | D:8      | Noticed Pikel
  6465 | D:8      | 6465 ||| Stepping ~*~*~tactically~*~*~ (stealth).
  6482 | D:8      | Killed Pikel
  6483 | D:8      | Reached skill level 6 in Armour
  6546 | D:8      | 6546 ||| Stepping ~*~*~tactically~*~*~ (stealth).
  6558 | D:8      | 6558 ||| INVOKING Fiery Armour.
  6562 | D:8      | HP: 11/61 [wight/+4 scimitar (13)]
  6567 | D:8      | HP: 10/63 [wight/+3 spear of freezing (3)]
  6629 | D:8      | 6629 ||| Stepping ~*~*~tactically~*~*~ (hiding).
  6714 | D:8      | 6714 ||| READING scroll of teleportation.
  6806 | D:8      | Noticed Maurice
  6807 | D:8      | 6807 ||| Stepping ~*~*~tactically~*~*~ (hiding).
  6808 | D:8      | 6808 ||| Stepping ~*~*~tactically~*~*~ (hiding).
  6850 | D:8      | 6850 ||| Stepping ~*~*~tactically~*~*~ (hiding).
  6851 | D:8      | 6851 ||| Stepping ~*~*~tactically~*~*~ (hiding).
  6882 | D:8      | Killed Maurice
  6883 | D:8      | Reached skill level 9 in Shields
  6908 | D:8      | Found a burning altar of Makhleb.
  7259 | D:8      | 7259 ||| PLANNING TEMPLE
  7259 | D:8      | 7259 ||| READING scroll labelled OFOTO NUNI.
  7469 | Temple   | Entered the Ecumenical Temple
  7470 | Temple   | 7470 ||| PLANNING OKAWARU WORSHIP
  7506 | Temple   | Fell from the grace of Ignis
  7506 | Temple   | Became a worshipper of Warmaster Okawaru
  7507 | Temple   | 7507 ||| PLANNING D:1-11
  7619 | D:9      | 7619 ||| Stepping ~*~*~tactically~*~*~ (hiding).
  7622 | D:9      | 7622 ||| Stepping ~*~*~tactically~*~*~ (hiding).
  7664 | D:9      | 7664 ||| READING scroll of teleportation.
  7669 | D:9      | 7669 ||| Stepping ~*~*~tactically~*~*~ (stealth).
  7669 | D:9      | Noticed a two-headed ogre
  7693 | D:9      | Killed a two-headed ogre
  7693 | D:9      | Reached * piety under Okawaru
  7694 | D:9      | Reached skill level 10 in Axes
  7694 | D:9      | 7694 ||| INVOKING Heroism.
  7704 | D:9      | Reached skill level 1 in Invocations
  7707 | D:9      | 7707 ||| INVOKING Heroism.
  7722 | D:9      | 7722 ||| INVOKING Heroism.
  7727 | D:9      | 7727 ||| Stepping randomly (disturbance).
  7728 | D:9      | 7728 ||| Stepping ~*~*~tactically~*~*~ (stealth).
  7729 | D:9      | 7729 ||| Stepping randomly (disturbance).
  7730 | D:9      | 7730 ||| Stepping randomly (disturbance).
  7737 | D:9      | 7737 ||| Stepping ~*~*~tactically~*~*~ (stealth).
  7738 | D:9      | 7738 ||| Stepping ~*~*~tactically~*~*~ (stealth).
  7752 | D:9      | 7752 ||| INVOKING Heroism.
  7767 | D:9      | Reached XP level 11. HP: 50/67 MP: 10/12
  7772 | D:9      | 7772 ||| INVOKING Heroism.
  7775 | D:9      | Found a staircase to the Lair.
  7806 | D:9      | 7806 ||| INVOKING Heroism.
  7835 | D:9      | 7835 ||| Stepping ~*~*~tactically~*~*~ (stealth).
  7836 | D:9      | Noticed Prince Ribbit
  7838 | D:9      | 7838 ||| Stepping ~*~*~tactically~*~*~ (stealth).
  7849 | D:9      | Reached skill level 1 in Dodging
  7861 | D:9      | Reached skill level 3 in Invocations
  7902 | D:9      | Killed Prince Ribbit
  7943 | D:9      | Identified the +1 scale mail "Legir" {Rampage Str+5 Int+4}
  8030 | D:9      | 8030 ||| INVOKING Heroism.
  8084 | D:9      | 8084 ||| INVOKING Heroism.
  8236 | D:9      | 8236 ||| DROPPING +1 scale mail "Legir" {Rampage Str+5
                  | Int+4}.
  8237 | D:9      | 8237 ||| Stepping randomly (disturbance).
  8307 | D:9      | 8307 ||| Stepping ~*~*~tactically~*~*~ (stealth).
  8337 | D:9      | 8337 ||| READING scroll of teleportation.
  8359 | D:9      | 8359 ||| Stepping ~*~*~tactically~*~*~ (hiding).
  8554 | D:9      | 8554 ||| PLANNING LAIR
  8554 | D:9      | 8554 ||| READING scroll labelled IKESIF SYAS.
  8599 | Lair:1   | Entered Level 1 of the Lair of Beasts
  8599 | Lair:1   | Noticed Harold
  8600 | Lair:1   | 8600 ||| INVOKING Heroism.
  8628 | Lair:1   | Killed Harold
  8633 | Lair:1   | Reached skill level 11 in Axes
  8635 | Lair:1   | 8635 ||| STAIRDANCE
  8871 | Lair:1   | Noticed a seven-headed hydra
  8872 | Lair:1   | 8872 ||| INVOKING Heroism.
  8877 | Lair:1   | 8877 ||| SWAPPING to +4 heavy flail.
  8880 | Lair:1   | Killed a seven-headed hydra
  8880 | Lair:1   | Reached ** piety under Okawaru
  8881 | Lair:1   | 8881 ||| SWAPPING to +0 war axe.
  8911 | Lair:1   | Noticed Fannar
  8912 | Lair:1   | 8912 ||| Stepping ~*~*~tactically~*~*~ (hiding).
  8921 | Lair:1   | 8921 ||| INVOKING Heroism.
  8924 | Lair:1   | HP: 12/68 [Fannar/bolt of cold (24)]
  8926 | Lair:1   | HP: 4/68 [Fannar/staff of cold (8)]
  8934 | Lair:1   | Killed from afar by Fannar

Levels and vault maps discovered:
D:1:      onia_arrival_pyramid, layout_loops_ring,
          hellmonk_ecumenical_altar_crossroads
D:2:      layout_loops_ring, nrook_uturn, dreamdust_mushroom_princess
D:3:      layout_basic, lemuel_round_altar, trog_three_pillars_becter
D:4:      layout_basic, nicolae_gozag_cash_rules_everything_around_me,
          uniq_edmund
D:5:      layout_basic, temple_fountains, minmay_misc_feat_secret_circle,
          amcnicky_mini_corridor_feature, minmay_manual_moon,
          uniq_crazy_yiuf_cottage, uniq_grinder
D:6:      layout_rooms, uniq_blork_the_orc, uniq_duvessa
D:7:      hellmonk_ruined_rings, layout_gridville, grunt_qazlal_sundering,
          enter_bailey_3
D:8:      layout_loops_ring, mainiacjoe_overflow_alcove_4, uniq_maurice,
          uniq_pikel, uniq_grum
D:9:      layout_loops_cross, erik_lair_island, kennysheep_diamond,
          uniq_prince_ribbit1
Temple:   nicolae_temple_ecumenical_triangle
Lair:1:   layout_chaotic_city, uniq_fannar, uniq_harold

Skill      XL: |  1  2  3  4  5  6  7  8  9 10 11 |
---------------+----------------------------------+-----
Axes           | 3 4 6 7 9 10 11 | 11.0
Shields        | 1 3 4 5 7 9 |  9.8
Armour         | 3 4 6 |  6.1
Fighting       | 4 5 6 7 8 |  8.0
Throwing       | 2 |  2.4
Invocations    | 2 4 |  4.0
Dodging        | 1 |  1.2
Spellcasting   | |  1.0
Fire Magic     | |  3.0

Action                     |  1- 3 |  4- 6 |  7- 9 | 10-12 || total
---------------------------+-------+-------+-------+-------++-------
  Melee: Hand axe          |   131 |       |       |       ||   131
         War axe           |     3 |   105 |   233 |   403 ||   744
         Flail             |       |       |       |     3 ||     3
  Throw: Boomerang         |    28 |    23 |       |    14 ||    65
         Javelin           |       |       |    22 |    13 ||    35
 Invoke: Fiery Armour      |     3 |     4 |     5 |     1 ||    13
         Heroism           |       |       |       |    11 ||    11
    Use: Scroll            |     5 |     1 |     9 |     5 ||    20
         Potion            |       |     1 |     4 |       ||     5
 Armour: Robe              |    58 |    34 |       |       ||    92
         Chain mail        |       |    15 |   142 |   217 ||   374
  Dodge: Dodged            |    71 |    38 |    94 |   247 ||   450
  Block: Kite shield       |       |    39 |    77 |   201 ||   317

Table legend:
 A = Non-vault XP
 B = Vault XP
 C = Vault XP percentage of total XP
 D = Non-vault monster count
 E = Vault monster count
 F = Vault count percentage of total count
                 A         B        C        D         E       F
            +---------+---------+-------+---------+---------+-------
      Total |    9400 |    4767 |  33.6 |     186 |      31 |  14.3
            +---------+---------+-------+---------+---------+-------
        D:1 |      37 |       0 |   0.0 |      21 |       0 |   0.0
        D:2 |      41 |       0 |   0.0 |      16 |       0 |   0.0
        D:3 |     197 |       0 |   0.0 |      34 |       0 |   0.0
        D:4 |     398 |     178 |  30.9 |      13 |       1 |   7.1
        D:5 |     340 |     867 |  71.8 |      10 |       8 |  44.4
        D:6 |     277 |     241 |  46.5 |      13 |       2 |  13.3
        D:7 |    1544 |       7 |   0.5 |      19 |       4 |  17.4
        D:8 |    1408 |    1642 |  53.8 |      29 |       6 |  17.1
        D:9 |    3668 |     972 |  20.9 |      27 |       9 |  25.0
     Lair:1 |    1490 |     860 |  36.6 |       4 |       1 |  20.0
            +---------+---------+-------+---------+---------+-------
